 Dungeon Crawl Stone Soup version 0.21.1-1-g345015fe64 (webtiles) character file.

274794 Oravi the Black Belt (level 20, -10/198 HPs)
             Began as a Merfolk Transmuter on May 10, 2018.
             Was the Champion of Okawaru.
             Killed from afar by a deep elf knight (23 damage)
             ... with a stone arrow
             ... on level 2 of the Vaults.
             The game lasted 06:02:36 (50271 turns).

Oravi the Black Belt (Merfolk Transmuter)          Turns: 50271, Time: 06:02:36

Health: -10/198    AC: 30    Str: 15    XL:     20   Next: 32%
Magic:  36/37      EV: 25    Int: 20    God:    Okawaru [******]
Gold:   1723       SH:  0    Dex: 15    Spells: 8/45 levels left

rFire    . . .     SeeInvis +     - Unarmed
rCold    . . .     Gourm    .   (no shield)
rNeg     + . .     Faith    .   (armour currently unavailable)
rPois    ∞         Spirit   .   G - +1 helmet {SInv}
rElec    +         Reflect  .   p - +2 cloak {MR+}
rCorr    .         Harm     .   (gloves currently unavailable)
MR       ++...                  (boots currently unavailable)
Stlth    +.........             j - amulet of magic regeneration
HPRegen  0.43/turn              y - +4 ring of strength
MPRegen  0.50/turn              w - +5 ring of protection

@: about to teleport, statue-form, marked, corroded, very slightly contaminated,
very slow
A: (change form in water), (swift swim), (stealthy swim)
}: 2/15 runes: barnacled, gossamer
a: End Transformation, Heroism, Finesse, Renounce Religion


You were on level 2 of the Vaults.
You worshipped Okawaru.
Okawaru was exalted by your worship.
You were not hungry.
You were a stone statue.
You visited 7 branches of the dungeon, and saw 34 of its levels.
You also visited: Ice Cave.

You collected 3201 gold pieces.
You spent 1478 gold pieces at shops.

Inventory:

Hand Weapons
 s - the +10 spear "Uguhias" {protect, *Noise +Fly rN+++ Dex+9}
   (You found it on level 12 of the Dungeon)

   It protects the one who uses it against injury (+AC on strike).
   It affects your dexterity (+9).
   It renders you almost immune to negative energy.
   It lets you fly.
   It may make noises in combat.
 v - the +9 glaive "Lunuf" {elec, *Corrode Dex+4}
   (You found it on level 1 of the Vaults)

   Occasionally, upon striking a foe, it will discharge some electrical energy
   and cause terrible harm.
   It affects your dexterity (+4).
   It may corrode you when you take damage.
Missiles
 a - 723 arrows
Armour
 c - a +2 pair of boots of flying (melded)
 e - the +0 pair of gloves "Kungisue" (melded) {Dex+5}
   (Okawaru gifted it to you on level 2 of the Lair of Beasts)

   It affects your dexterity (+5).
 l - a +1 shield of protection
 m - a +2 hat of see invisible
 p - a +2 cloak of magic resistance (worn)
 B - a +2 robe of the Archmagi (melded)
 G - a +1 helmet of see invisible (worn)
 Z - a scarf of repulsion
Jewellery
 b - the ring "Ponluone" {+Blink rElec rF+ Str-3 Int+3}
   (You found it on level 11 of the Dungeon)

   [ring of strength]

   It affects your strength (-3).
   It affects your intelligence (+3).
   It protects you from fire.
   It insulates you from electricity.
   It lets you blink.
 j - an amulet of magic regeneration (around neck)
 n - an uncursed ring of ice
 u - an uncursed ring of ice
 w - a +5 ring of protection (right hand)
 y - a +4 ring of strength (left hand)
 D - a +2 ring of evasion
 O - an uncursed ring of fire
 P - a +3 ring of slaying
 S - an uncursed ring of resist corrosion
Wands
 h - a wand of flame (112)
 k - a wand of digging (73)
 t - a wand of polymorph (30)
 A - a wand of acid (17)
 T - a wand of clouds (9)
 U - a wand of paralysis (53)
 Y - a wand of iceblast (28)
Scrolls
 g - 15 scrolls of teleportation
 i - 4 scrolls of fog
 o - 19 scrolls of remove curse
 z - 4 scrolls of identify
 I - a scroll of silence
 J - a scroll of fear
 M - 2 scrolls of blinking
 R - 2 scrolls of magic mapping
Potions
 f - 7 potions of haste
 q - 3 potions of magic
 r - 7 potions of ambrosia
 x - a potion of cancellation
 C - 2 potions of brilliance
 E - 2 potions of berserk rage
 F - a potion of curing
 Q - a potion of might
 V - 4 potions of agility
 W - a potion of resistance
 X - a potion of invisibility
Comestibles
 d - 36 rations
 H - a chunk of flesh


   Skills:
 - Level 12.2 Fighting
 - Level 1.2 Polearms
 - Level 17.5 Dodging
 * Level 14.9 Shields
 - Level 18.9 Unarmed Combat
 - Level 13.1 Spellcasting
 - Level 2.6 Charms
 - Level 2.0 Translocations
 - Level 14.0 Transmutations
 - Level 2.4 Ice Magic
 - Level 9.0 Earth Magic
 - Level 5.0 Invocations


You had 8 spell levels left.
You knew the following spells:

 Your Spells              Type           Power        Failure   Level  Hunger
a - Statue Form           Tmut/Erth      ######...    6%          6    #####..
b - Sticks to Snakes      Tmut           ######..     1%          2    None
c - Ice Form              Ice/Tmut       #####...     1%          4    None
d - Blade Hands           Tmut           ######....   1%          5    ####...
e - Petrify               Tmut/Erth      ######..     1%          4    None
f - Regeneration          Chrm/Necr      ###.......   9%          3    None
g - Hydra Form            Tmut           ######....   2%          6    #####..
h - Passwall              Tmut/Erth      ######....   1%          2    None
i - Blink                 Tloc           N/A          3%          2    None
j - Ozocubu's Armour      Chrm/Ice       ###.....     5%          3    None


Dungeon Overview and Level Annotations

Branches:
Dungeon (15/15)            Temple (1/1) D:6            Lair (6/6) D:11
 Shoals (4/4) Lair:4       Spider (4/4) Lair:4        Slime (0/5) Lair:5
    Orc (2/2) D:12            Elf (0/3) Orc:2        Vaults (2/5) D:13
 Depths (0/5) D:15
  Crypt: Vaults:2-3

Altars:
Ashenzari
Cheibriados
Dithmenos
Elyvilon
Fedhas
Gozag
Hepliaklqana
Kikubaaqudgha
Makhleb
Nemelex Xobeh
Okawaru
Qazlal
Ru
Sif Muna
Trog
Uskayaw
Vehumet
Xom
Yredelemnul
Zin
The Shining One
Beogh

Shops:
D:6 (   D:9 ?   D:12 [   D:14 *[:   Orc:2 [:(*   Shoals:1 !   Shoals:2 %
Vaults:1 %

Portals:
Trove: D:12 (give 12 potions of heal wounds)


Message History

The deep elf knight hits you with a short sword!
* * * LOW HITPOINT WARNING * * *
The vault sentinel hits you but does no damage.
The deep elf knight casts a spell at you.
The stone arrow misses you.
A deep troll comes into view.
Okay, then.
Blink to where?
Press: ? - help, Dir - move target cursor
As you read the scroll of blinking, it crumbles to dust.
The vault sentinel blows a loud note on a signal horn!
The entropy weaver gestures wildly while chanting.
The entropic weave corrodes you!
Okay, then.
As you read the scroll of teleportation, it crumbles to dust.
You feel strangely unstable.
Your skin stops crawling.
The deep elf knight points at you and mumbles some strange words.
The stone arrow hits you!
You die...

#...............
#...............
#...............
##############....>..........
.T...Opo.....................
.....a)(e...(................
###'########e################
.. #......# . #8.....#
#......# #......# #......#
#......# #......# ########


You could see a deep elf knight.

Vanquished Creatures
  A lich (Vaults:2)
  Jorgrun (Shoals:3)
  An Ice Fiend (IceCv)
  The ghost of Svkov the Impaler, an adept MiFi of Okawaru (Shoals:2)
  Asterion (Spider:2)
  The ghost of oberejnoburuli the Peltast, an adept MiBe of Trog (Vaults:2)
  A kraken (Shoals:2)
  Roxanne (Shoals:2)
  Ilsuiw (Shoals:4)
  An orc warlord (Orc:2)
  Aizul (Shoals:3)
  5 emperor scorpions
  4 vault wardens
  4 ghost moths (Spider:4)
  6 ironheart preservers
  4 very ugly things (Vaults:2)
  3 entropy weavers
  A stone giant (Vaults:2)
  Nessos (D:12)
  6 dire elephants (Lair:6)
  Azrael (D:14)
  2 spark wasps
  2 merfolk javelineers (Shoals:4)
  5 merfolk impalers
  2 deep elf death magi (Vaults:1)
  4 ogre magi
  2 ettins
  2 great orbs of eyes
  Harold (Orc:1)
  5 ice dragons
  Fannar (Orc:1)
  A rakshasa (Vaults:1)
  3 hydras
  4 yaktaur captains
  6 vault guards
  An alligator snapping turtle (Shoals:1)
  2 merfolk avatars
  Erica (D:8)
  19 two-headed ogres
  5 merfolk aquamancers
  An anaconda (Lair:6)
  7 dancing weapons (Spider:3)
  A death knight (Vaults:1)
  6 centaur warriors
  7 satyrs
  An orc high priest (Orc:2)
  A deep troll earth mage (Vaults:1)
  3 tengu warriors
  2 deep troll shamans
  Urug (Orc:1)
  The ghost of Dracia the Basher, a novice GrFi of Okawaru (D:9)
  3 deep elf knights
  A hell knight (D:15)
  7 deep trolls
  4 unseen horrors
  A glowing orange brain (Vaults:2)
  A wizard (Vaults:1)
  10 sea snakes
  A skeletal warrior (Vaults:1)
  A flayed ghost (Vaults:1)
  5 deep elf archers
  10 orc knights
  A lindwurm (shapeshifter) (D:14)
  8 harpies
  5 ironbrand convokers (Vaults:1)
  18 orb spiders
  3 orc sorcerers
  4 deep elf magi
  An oklob plant (Lair:1)
  12 manticores
  19 ugly things
  23 wolf spiders
  34 fauns
  2 centaur zombies
  4 elephants (Lair:6)
  5 cyclopes
  3 moths of wrath
  9 merfolk sirens
  9 black mambas
  5 water nymphs
  An ice statue (IceCv)
  Maurice (D:9)
  7 spiny frogs
  A gargoyle (D:10)
  Psyche (D:10)
  3 vault sentinels (Vaults:1)
  2 centaur skeletons (D:14)
  12 demonic crawlers
  6 komodo dragons
  15 yaktaurs
  A rime drake (shapeshifter) (Vaults:1)
  5 freezing wraiths
  7 ice devils (IceCv)
  A golden dragon simulacrum (IceCv)
  An anaconda simulacrum (IceCv)
  A tengu conjurer (D:14)
  The ghost of Kuruc the Covered, an amateur MiFi (D:4)
  26 jumping spiders
  9 trolls
  8 hornets
  A polar bear (shapeshifter) (Vaults:1)
  4 wind drakes
  6 polar bears (Lair:5)
  25 merfolk
  18 slime creatures
  5 dream sheep
  A human simulacrum (Vaults:2)
  5 blink frogs (Lair:4)
  8 snapping turtles
  15 hippogriffs
  Sigmund (D:4)
  12 spriggans (Lair:2)
  2 shadows
  24 tarantellas
  3 basilisks
  A wyvern (D:12)
  5 dire elephant simulacra (IceCv)
  38 redbacks
  A human (D:7)
  14 water elementals
  55 yaks
  A vampire (D:14)
  A wraith (D:13)
  3 hogs (D:7)
  A steam dragon (D:12)
  4 fire elementals (D:14)
  4 chaos spawn
  7 hungry ghosts
  5 vampire mosquitoes
  A death yak simulacrum (IceCv)
  4 harpy simulacra (IceCv)
  4 wargs
  4 iron troll simulacra (IceCv)
  4 insubstantial wisps (Lair:2)
  3 acid dragons
  4 hell hounds
  4 hydra simulacra (IceCv)
  19 water moccasins
  8 porcupines
  34 orc warriors
  6 sky beasts
  An eye of draining (D:10)
  A necrophage (D:9)
  An alligator simulacrum (IceCv)
  A black bear (D:8)
  3 ice beasts
  A tengu (shapeshifter) (D:12)
  The ghost of Goboxel the Charmwright, an amateur GnSk (D:3)
  8 wolves
  23 ogres
  A phantom (D:5)
  13 crocodiles
  13 centaurs
  5 big kobolds
  23 bullfrogs
  5 scorpions
  2 wyvern skeletons
  A swamp dragon simulacrum (IceCv)
  12 wights
  71 killer bees
  3 howler monkeys
  8 crimson imps
  2 draconian simulacra (IceCv)
  11 hounds
  A quasit (D:9)
  7 jellies
  32 orc wizards
  Crazy Yiuf (D:3)
  24 orc priests
  A bullfrog skeleton (D:13)
  Ijyb (D:3)
  7 iguanas
  11 worker ants
  5 hell rats (Lair:6)
  A troll simulacrum (IceCv)
  A spriggan simulacrum (IceCv)
  4 centaur simulacra (IceCv)
  A hound skeleton (D:7)
  10 gnolls
  A howler monkey skeleton (D:8)
  2 naga simulacra (IceCv)
  2 ogre simulacra (IceCv)
  13 adders
  4 shadow imps
  10 white imps (IceCv)
  4 ufetubi (IceCv)
  6 oozes
  An adder skeleton (D:6)
  A worm (D:3)
  A dart slug (D:1)
  6 leopard geckos
  99 orcs
  A ball python (D:6)
  9 bats
  A giant cockroach (D:2)
  8 goblins
  7 hobgoblins
  4 jackals (D:9)
  24 kobolds
  4 quokkas
  4 frilled lizards
  A leopard gecko skeleton (D:3)
  8 rats
  5 plants
1371 creatures vanquished.

Vanquished Creatures (collateral kills)
  2 hydras
  2 fauns (Shoals:2)
  A hippogriff (Lair:4)
  A basilisk (Lair:4)
  A yak (Lair:6)
  A centaur (Shoals:4)
  An orc (Orc:1)
9 creatures vanquished.

Vanquished Creatures (others)
  A merfolk avatar (Shoals:2)
  A satyr (Shoals:4)
  An orc wizard (D:6)
  An orc (D:12)
  A goblin (D:2)
  A bush (Lair:2)
  16 fungi
  32 plants
  4 tentacles (Shoals:2)
  9 toadstools (D:6)
67 creatures vanquished.

Grand Total: 1447 creatures vanquished

Notes
Turn   | Place    | Note
-------+----------+-------------------------------------------
     0 | D:1      | Oravi the Merfolk Transmuter began the quest for the Orb.
     0 | D:1      | Reached XP level 1. HP: 15/15 MP: 3/3
   140 | D:1      | Reached XP level 2. HP: 18/21 MP: 3/5
   464 | D:1      | Reached skill level 4 in Unarmed Combat
  1003 | D:1      | Reached XP level 3. HP: 20/26 MP: 4/6
  1016 | D:1      | Learned a level 2 spell: Sticks to Snakes
  1020 | D:1      | Learned a level 3 spell: Spider Form
  1393 | D:2      | Found an opulent altar of Gozag.
  1616 | D:3      | Reached XP level 4. HP: 22/32 MP: 3/7
  1878 | D:3      | Noticed Goboxel's ghost (amateur GnSk)
  1975 | D:3      | Reached skill level 5 in Unarmed Combat
  2071 | D:3      | Reached XP level 5. HP: 36/37 MP: 5/8
  2145 | D:3      | Found a transporter.
  2159 | D:3      | Found a transporter.
  2179 | D:3      | Found a hazy altar of Hepliaklqana.
  2223 | D:3      | Noticed Ijyb
  2317 | D:3      | Killed Ijyb
  2555 | D:3      | Reached XP level 6. HP: 36/44 MP: 4/9
  2645 | D:4      | Noticed Kuruc's ghost (amateur MiFi)
  2660 | D:4      | Reached skill level 14 in Unarmed Combat
  2660 | D:4      | Reached XP level 7. HP: 18/50 MP: 3/10
  2872 | D:4      | Killed Kuruc's ghost
  2985 | D:4      | Reached XP level 8. HP: 57/57 MP: 6/12
  3370 | D:4      | Noticed Sigmund
  3389 | D:4      | Killed Sigmund
  3389 | D:4      | Reached skill level 5 in Transmutations
  3654 | D:5      | Entered Level 5 of the Dungeon
  3976 | D:5      | Reached XP level 9. HP: 63/63 MP: 11/13
  4334 | D:5      | Found a shadowy altar of Dithmenos.
  4336 | D:5      | Found a snail-covered altar of Cheibriados.
  4337 | D:5      | Found a hide-covered altar of Uskayaw.
  4695 | D:6      | Found Jonlulof's Weapon Boutique.
  4708 | D:6      | Reached skill level 5 in Dodging
  5094 | D:6      | Found a staircase to the Ecumenical Temple.
  5102 | Temple   | Entered the Ecumenical Temple
  5156 | Temple   | Became a worshipper of Warmaster Okawaru
  6004 | D:6      | Reached * piety under Okawaru
  6013 | D:6      | Reached XP level 10. HP: 56/71 MP: 12/15
  6678 | D:7      | Reached skill level 15 in Unarmed Combat
  6781 | D:7      | Reached ** piety under Okawaru
  7493 | D:8      | Noticed a two-headed ogre
  7523 | D:8      | Killed a two-headed ogre
  7523 | D:8      | Reached *** piety under Okawaru
  7523 | D:8      | Reached skill level 5 in Fighting
  7900 | D:8      | Found a shimmering altar of Xom.
  7900 | D:8      | Noticed Erica
  7925 | D:8      | Killed Erica
  8155 | D:8      | Found a blossoming altar of Fedhas.
  8235 | D:9      | Noticed a two-headed ogre
  8241 | D:8      | Killed a two-headed ogre
  8241 | D:8      | Reached **** piety under Okawaru
  8241 | D:8      | Reached XP level 11. HP: 64/80 MP: 13/18
  8247 | D:8      | Learned a level 4 spell: Ice Form
  8253 | D:8      | Learned a level 5 spell: Blade Hands
  8332 | D:9      | Received a gift from Okawaru
  8334 | D:9      | Noticed Dracia's ghost (novice GrFi)
  8642 | D:3      | Found an ancient bone altar of Kikubaaqudgha.
  8642 | D:3      | Found a deep blue altar of Sif Muna.
  8644 | D:3      | Found a radiant altar of Vehumet.
  8648 | D:3      | Identified Sif Muna's Collected Works on Transmutation
  8771 | D:3      | Found a runed door.
  8814 | D:3      | Noticed Crazy Yiuf
  8819 | D:3      | Killed Crazy Yiuf
  8998 | D:3      | Killed Goboxel's ghost
  9227 | D:9      | Reached skill level 5 in Spellcasting
  9513 | D:9      | Found Muzid's Magic Scroll Emporium.
  9546 | D:9      | Killed Dracia's ghost
  9614 | D:9      | Reached ***** piety under Okawaru
  9679 | D:9      | Noticed a two-headed ogre
  9693 | D:9      | Killed a two-headed ogre
  9741 | D:9      | Noticed Maurice
  9786 | D:9      | Killed Maurice
  9786 | D:9      | Received a gift from Okawaru
  9916 | D:10     | Entered Level 10 of the Dungeon
  9981 | D:10     | Reached skill level 16 in Unarmed Combat
  9987 | D:10     | Killed an unseen horror
 10225 | D:10     | Noticed Psyche
 10276 | D:10     | Killed Psyche
 10333 | D:10     | Found the +7 longbow "Piercer" {penet, EV-2}
 10703 | D:11     | Reached XP level 12. HP: 64/89 MP: 16/20
 11040 | D:11     | Noticed a two-headed ogre
 11065 | D:11     | Killed a two-headed ogre
 11280 | D:11     | Found a staircase to the Lair.
 11322 | D:11     | Got a vibrating golden ring
 11920 | D:11     | Noticed a six-headed hydra
 12641 | D:11     | Killed a six-headed hydra
 12729 | D:12     | Noticed Nessos
 13134 | D:12     | Found a staircase to the Orcish Mines.
 13258 | D:12     | Received a gift from Okawaru
 13284 | D:12     | Identified the cursed ring "Ponluone" {+Blink rElec rF+ Str-3 Int+3} (You found it on level 11 of the Dungeon)
 13522 | D:12     | Reached skill level 10 in Transmutations
 13817 | D:12     | Killed Nessos
 14030 | D:12     | Got a twisted spear
 14242 | D:12     | Received a gift from Okawaru
 14256 | D:12     | Found Solum's Armour Shoppe.
 14480 | D:12     | Reached skill level 10 in Dodging
 14528 | D:12     | Noticed a two-headed ogre
 14535 | D:12     | Killed a two-headed ogre
 14535 | D:12     | Reached skill level 17 in Unarmed Combat
 14712 | D:12     | Found a portal to a secret trove of treasure.
 14755 | D:12     | Reached XP level 13. HP: 98/98 MP: 19/23
 14957 | D:13     | Learned a level 3 spell: Ozocubu's Armour
 14968 | D:13     | Found a gate to the Vaults.
 14968 | D:13     | Noticed a vault guard
 14968 | D:13     | Noticed a vault guard
 14968 | D:13     | Noticed a vault guard
 14970 | D:13     | Noticed a vault guard
 14977 | D:13     | Killed a vault guard
 14994 | D:13     | Killed a vault guard
 14994 | D:13     | Reached skill level 1 in Charms
 14994 | D:13     | Reached skill level 1 in Ice Magic
 15462 | D:13     | Killed a vault guard
 15478 | D:13     | Killed a vault guard
 15532 | D:13     | Found a snail-covered altar of Cheibriados.
 15535 | D:13     | Found a glowing silver altar of Zin.
 15535 | D:13     | Found a snail-covered altar of Cheibriados.
 15540 | D:13     | Found a hide-covered altar of Uskayaw.
 15540 | D:13     | Found a shimmering altar of Xom.
 15540 | D:13     | Found a shimmering altar of Xom.
 15855 | D:13     | Learned a level 2 spell: Blink
 15988 | D:14     | Noticed Azrael
 16245 | Lair:1   | Entered Level 1 of the Lair of Beasts
 16360 | Lair:1   | Learned a level 4 spell: Petrify
 16363 | Lair:1   | Learned a level 2 spell: Passwall
 16738 | Lair:1   | Noticed an ice dragon
 17019 | Lair:2   | Reached skill level 1 in Translocations
 17043 | Lair:1   | Received a gift from Okawaru
 17044 | Lair:1   | Got a fine quick blade {god gift}
 17244 | Lair:2   | Reached skill level 1 in Earth Magic
 18377 | Lair:2   | Received a gift from Okawaru
 18378 | Lair:2   | Got a pair of scorched gloves {god gift}
 18606 | Lair:2   | Reached XP level 14. HP: 106/108 MP: 22/26
 18907 | Lair:3   | Reached ****** piety under Okawaru
 19940 | Lair:4   | Found a staircase to the Shoals.
 20304 | Lair:4   | Found the +8 whip "Snakebite" {curare, rPois}
 20743 | Lair:4   | Reached skill level 10 in Fighting
 20775 | Lair:4   | Found a hole to the Spider Nest.
 20895 | Lair:4   | Found a sacrificial altar of Ru.
 21270 | Lair:5   | Found a staircase to the Slime Pits.
 21857 | Lair:5   | Found an iron altar of Okawaru.
 22108 | Lair:5   | Reached skill level 18 in Unarmed Combat
 22815 | Lair:6   | Entered Level 6 of the Lair of Beasts
 22836 | Lair:6   | Reached skill level 1 in Polearms
 23383 | Lair:6   | Received a gift from Okawaru
 23422 | Lair:6   | Found a dark tunnel.
 24186 | Lair:6   | Noticed a dire elephant
 24186 | Lair:6   | Noticed a dire elephant
 24191 | Lair:6   | Killed a dire elephant
 24191 | Lair:6   | Reached XP level 15. HP: 80/117 MP: 23/28
 25479 | D:14     | Reached skill level 5 in Earth Magic
 25561 | D:14     | Killed Azrael
 25561 | D:14     | Received a gift from Okawaru
 25684 | D:14     | Got a dazzling lajatang {god gift}
 25818 | D:14     | Found Atipus's Book Shop.
 25831 | D:14     | Found Lobocvoe's Armour Shoppe.
 25888 | D:14     | Got a jewelled ring mail
 25964 | D:14     | Found Cepeis's Assorted Antiques.
 26169 | D:14     | Bought a book of Transfigurations for 825 gold pieces
 26186 | D:15     | Entered Level 15 of the Dungeon
 27160 | D:15     | Found a shadowy altar of Dithmenos.
 27246 | D:15     | Received a gift from Okawaru
 27303 | D:15     | Found a shimmering altar of Xom.
 27691 | D:15     | Found a staircase to the Depths.
 27815 | D:15     | Found the +9 mace of Variability {chaos}
 28041 | D:11     | Learned a level 6 spell: Hydra Form
 28115 | Orc:1    | Entered Level 1 of the Orcish Mines
 28189 | Orc:1    | Noticed Urug
 28190 | Orc:1    | Noticed Harold
 28202 | Orc:1    | Killed Urug
 28258 | Orc:1    | Killed Harold
 28578 | Orc:2    | Entered Level 2 of the Orcish Mines
 28578 | Orc:2    | Found a roughly hewn altar of Beogh.
 28654 | Orc:2    | Found a staircase to the Elven Halls.
 28694 | Orc:2    | Noticed an orc warlord
 28721 | Orc:2    | Killed an orc warlord
 28721 | Orc:2    | Reached XP level 16. HP: 80/126 MP: 21/29
 28722 | Orc:2    | Reached skill level 10 in Spellcasting
 28740 | Orc:2    | Found a roughly hewn altar of Beogh.
 29313 | Orc:2    | Found Cetaf's Antique Weapon Shoppe.
 29328 | Orc:2    | Found Nouchoem's Antique Armour Shoppe.
 29696 | Orc:2    | Found Iqigen's General Store.
 29702 | Orc:2    | Bought a potion of heal wounds for 90 gold pieces
 29711 | Orc:2    | Found Ului's Book Shoppe.
 29766 | Orc:1    | Noticed Fannar
 29971 | Orc:1    | Killed Fannar
 30401 | D:14     | Bought a smoky purple potion for 23 gold pieces
 30547 | Shoals:1 | Entered Level 1 of the Shoals
 30579 | Shoals:1 | Received a gift from Okawaru
 30741 | Shoals:1 | Found a frozen archway.
 30770 | IceCv    | Entered an ice cave
 30771 | IceCv    | HP: 6/127 [barbs]
 32546 | IceCv    | Noticed an Ice Fiend
 34037 | IceCv    | Killed an Ice Fiend
 34238 | IceCv    | Got a pair of jewelled gloves
 34327 | Shoals:1 | Reached skill level 1 in Invocations
 34626 | Shoals:1 | Identified the +0 pair of gloves of Vaapsagg {Str+9 Int-5} (You found it in an ice cave)
 34769 | Shoals:1 | Found Simysun's Distillery.
 35197 | D:11     | Learned a level 6 spell: Statue Form
 35596 | Shoals:1 | Bought a potion of curing for 48 gold pieces
 35596 | Shoals:1 | Bought a potion of curing for 48 gold pieces
 35596 | Shoals:1 | Bought 2 potions of curing for 96 gold pieces
 35596 | Shoals:1 | Bought a potion of curing for 48 gold pieces
 36510 | Shoals:2 | Received a gift from Okawaru
 36524 | Shoals:2 | Noticed Svkov's ghost (adept MiFi)
 36530 | Shoals:2 | Got a brightly glowing hat {god gift}
 36543 | Shoals:1 | Identified the +0 hat of Divine Compulsion {*Slow rElec rPois Slay+4} (Okawaru gifted it to you on level 2 of the Shoals)
 36821 | Shoals:2 | Found Loufay's Food Shop.
 36906 | Shoals:2 | Noticed Roxanne
 37161 | Shoals:2 | Reached XP level 17. HP: 102/133 MP: 14/31
 37182 | Shoals:2 | Killed Svkov's ghost
 37582 | Shoals:2 | Noticed a kraken
 37595 | Shoals:2 | Killed a kraken
 38240 | Shoals:3 | Noticed Aizul
 38503 | Shoals:3 | Killed Aizul
 39610 | Shoals:4 | Entered Level 4 of the Shoals
 39670 | Shoals:4 | Noticed Ilsuiw
 39692 | Shoals:4 | Killed Ilsuiw
 39934 | Shoals:4 | Noticed Jorgrun
 39955 | Shoals:3 | Killed Jorgrun
 39955 | Shoals:3 | Received a gift from Okawaru
 39955 | Shoals:3 | Reached skill level 15 in Dodging
 39956 | Shoals:3 | Got a brightly glowing robe {god gift}
 39969 | Shoals:3 | Identified the +1 robe of Okawaru's Approval {Int+4} (Okawaru gifted it to you on level 3 of the Shoals)
 40218 | Shoals:4 | Reached skill level 5 in Invocations
 40901 | Shoals:4 | Got a tattered robe
 40912 | Shoals:4 | Identified the +2 robe of the Poles {rN+++ MR- Regen+ Str+2} (You found it on level 4 of the Shoals)
 41489 | Shoals:4 | Got a barnacled rune of Zot
 41528 | Shoals:4 | Got a smoking robe
 41529 | Shoals:4 | Identified the +10 spear "Uguhias" {protect, *Noise +Fly rN+++ Dex+9} (You found it on level 12 of the Dungeon)
 42207 | D:11     | Identified the +2 robe "Pyagg" {Str+4} (You found it on level 4 of the Shoals)
 42214 | D:11     | Identified the +0 pair of gloves "Kungisue" {Dex+5} (Okawaru gifted it to you on level 2 of the Lair of Beasts)
 42325 | Orc:2    | Bought a glowing shield for 150 gold pieces
 42330 | Orc:2    | Bought a glowing cloak for 150 gold pieces
 42501 | Spider:1 | Entered Level 1 of the Spider Nest
 42669 | Spider:1 | Reached skill level 1 in Shields
 42669 | Spider:1 | Reached XP level 18. HP: 140/140 MP: 25/33
 43515 | Spider:2 | Noticed Asterion
 43537 | Spider:2 | Killed Asterion
 43995 | Spider:2 | Identified the Almanac of the Dark Glacier
 44001 | Spider:2 | Learned a level 3 spell: Regeneration
 44556 | Spider:3 | Received a gift from Okawaru
 44557 | Spider:3 | Got a pair of distressingly furry gloves {god gift}
 45039 | Spider:3 | Found a runed door.
 45327 | Spider:4 | Entered Level 4 of the Spider Nest
 45356 | Spider:4 | Reached skill level 5 in Shields
 46188 | Spider:4 | Identified the +1 pair of gloves "Moada" {rElec Str+2} (Okawaru gifted it to you on level 3 of the Spider Nest)
 46340 | Spider:4 | Got a gossamer rune of Zot
 46808 | Lair:1   | Identified the Guide on Attacks and Changing
 46810 | Lair:1   | Identified the Papyrus of Glacial Black Rituals
 46827 | Lair:1   | Got a jewelled chain mail
 46829 | Lair:1   | Got an ichor-stained spear
 47020 | Shoals:2 | Killed Roxanne
 47020 | Shoals:2 | Reached XP level 19. HP: 124/146 MP: 32/36
 47021 | Shoals:2 | Identified Roxanne's Disquisition on Transmutation (You took it off Roxanne on level 2 of the Shoals)
 47332 | Spider:3 | Identified the +8 chain mail of Valour {Str+4} (You found it on level 1 of the Lair of Beasts)
 47333 | Spider:3 | Identified the +3 spear "Noecu" {drain, rC+ Str+2} (You found it on level 1 of the Lair of Beasts)
 47562 | Vaults:1 | Entered Level 1 of the Vaults
 47933 | Vaults:1 | Received a gift from Okawaru
 47979 | Vaults:1 | Reached skill level 10 in Shields
 48320 | Vaults:1 | Received a gift from Okawaru
 49313 | Vaults:1 | Found Cilalued's Food Emporium.
 49517 | Vaults:1 | Got an encrusted glaive
 49518 | Vaults:1 | Identified the +9 glaive "Lunuf" {elec, *Corrode Dex+4} (You found it on level 1 of the Vaults)
 49519 | Vaults:1 | Identified a scroll of acquirement
 49810 | Vaults:2 | Reached XP level 20. HP: 153/153 MP: 30/37
 49820 | Vaults:2 | Noticed oberejnoburuli's ghost (adept MiBe)
 49830 | Vaults:2 | Killed oberejnoburuli's ghost
 49830 | Vaults:2 | Received a gift from Okawaru
 50267 | Vaults:2 | HP: 8/198 [deep elf knight/short sword (15)]
 50271 | Vaults:2 | Killed from afar by a deep elf knight

Skill      XL: |  1  2  3  4  5  6  7  8  9 10 11 12 13 14 15 16 17 18 19 20 |
---------------+-------------------------------------------------------------+-----
Transmutations | 3 4 5 6 7 8 10 12 13 14 | 14.0
Unarmed Combat | 4 5 14 15 16 17 18 | 18.9
Dodging        | 3 4 5 6 8 10 11 12 13 14 15 17 | 17.5
Fighting       | 2 3 4 5 6 8 9 10 11 12 | 12.2
Spellcasting   | 3 4 5 7 8 9 10 11 13 | 13.1
Charms         | 2 |  2.6
Ice Magic      | 2 |  2.4
Translocations | 2 |  2.0
Earth Magic    | 2 4 6 8 9 |  9.0
Polearms       | 1 |  1.2
Invocations    | 1 5 |  5.0
Shields        | 1 7 13 14 | 14.9

Action                   |  1- 3 |  4- 6 |  7- 9 | 10-12 | 13-15 | 16-18 | 19-21 || total
-------------------------+-------+-------+-------+-------+-------+-------+-------++-------
Melee: Unarmed           |    98 |   104 |   259 |   677 |  1109 |  1250 |   547 ||  4044
       Headbutt          |    10 |       |       |       |       |       |       ||    10
       Punch             |       |     2 |       |     2 |    26 |    92 |    46 ||   168
       Staff             |       |       |       |       |       |     3 |       ||     3
 Cast: Beastly Appendage |    10 |       |       |       |       |       |       ||    10
       Spider Form       |     7 |    16 |    38 |    89 |    69 |       |       ||   219
       Sticks to Snakes  |       |     2 |     3 |    21 |    17 |    34 |       ||    77
       Blade Hands       |       |       |       |     7 |    32 |    33 |       ||    72
       Petrify           |       |       |       |       |    41 |   242 |    78 ||   361
       Hydra Form        |       |       |       |       |     3 |     6 |       ||     9
       Ice Form          |       |       |       |       |       |    14 |       ||    14
       Blink             |       |       |       |       |       |    16 |       ||    16
       Ozocubu's Armour  |       |       |       |       |       |     2 |       ||     2
       Statue Form       |       |       |       |       |       |    47 |    24 ||    71
       Regeneration      |       |       |       |       |       |    10 |    22 ||    32
Invok: Heroism           |       |       |       |     8 |    13 |    37 |     4 ||    62
       Finesse           |       |       |       |       |       |     1 |       ||     1
 Abil: End Transformatio |       |       |       |       |     5 |     2 |       ||     7
Evoke: Wand              |       |       |       |       |     1 |     2 |       ||     3
  Use: Potion            |       |     1 |       |     1 |     2 |    11 |       ||    15
       Scroll            |       |       |    15 |     6 |    12 |    22 |     7 ||    62
 Stab: Sleeping          |     1 |     4 |     1 |     1 |     2 |       |       ||     9
       Distracted        |       |       |     1 |       |     2 |     2 |       ||     5
       Petrified         |       |       |       |       |    62 |   233 |    66 ||   361
       Petrifying        |       |       |       |       |     9 |    32 |    10 ||    51
  Eat: Chunk             |     3 |     6 |     9 |    34 |    37 |    40 |    17 ||   146
       Ration            |       |       |     2 |     1 |     6 |    14 |     1 ||    24
Armor: Robe              |     6 |     9 |     2 |    16 |    18 |    34 |    10 ||    95
       Skin              |     5 |     6 |     8 |    11 |    12 |   483 |   247 ||   772
       Leather armour    |       |       |       |       |    57 |       |       ||    57
Dodge: Dodged            |    63 |    75 |   138 |   489 |   808 |  1488 |   648 ||  3709
       Deflected         |       |       |       |       |     4 |    68 |       ||    72
Block: Other             |       |       |    17 |   109 |   209 |   170 |       ||   505
       Reflection        |       |       |     2 |    10 |     4 |    28 |       ||    44
